 Dungeon Crawl Stone Soup version 0.22.1-1-ga44c0e5 (webtiles) character file.

5320 whitewolfNL the Martial Artist (level 10, -6/66 HPs)
             Began as an Octopode Transmuter on Sept 23, 2018.
             Was a Follower of Sif Muna.
             Mangled by a six-headed hydra (17 damage)
             ... on level 1 of the Lair of Beasts.
             The game lasted 01:23:58 (13246 turns).

whitewolfNL the Martial Artist (OpTm)              Turns: 13246, Time: 01:23:59

Health: -6/66      AC:  6    Str: 12    XL:     10   Next: 64%
Magic:  20/22      EV: 25    Int: 15    God:    Sif Muna [*.....]
Gold:   504        SH:  0    Dex: 19    Spells: 3/13 levels left

rFire    x . .     SeeInvis +     - Unarmed
rCold    + . .     Gourm    .   (shield currently unavailable)
rNeg     . . .     Faith    .   (helmet currently unavailable)
rPois    .         Spirit   .   y - amulet "Lezxacirobb" {Acrobat rPois}
rElec    .         Reflect  .   o - ring of ice
rCorr    +         Harm     .   j - ring of stealth
MR       .....                  p - ring of see invisible
Stlth    ++++++....             d - ring of resist corrosion
HPRegen  0.21/turn              F - ring of magical power
MPRegen  0.18/turn              E - ring of stealth
                                L - +4 ring of protection
                                (no ring)

@: spider-form
A: tiny, almost no armour, stealthy swim, (amphibious), 8 rings, (constrict 8)
a: End Transformation, Divine Energy, Renounce Religion


You were on level 1 of the Lair of Beasts.
You worshipped Sif Muna.
Sif Muna was aware of your devotion.
You were not hungry.
You were a venomous arachnid creature.
You visited 3 branches of the dungeon, and saw 10 of its levels.

You collected 504 gold pieces.

Inventory:

Hand Weapons
 v - a +0 long sword of holy wrath
 A - the +12 hand axe of Purpose {venom, Str+2}
   (You found it on level 5 of the Dungeon)

   It poisons the flesh of those it strikes.
   It affects your strength (+2).
 G - the +4 whip "Ridd" {slash, Int+2 Stlth+}
   (You found it on level 7 of the Dungeon)

   It inflicts extra damage upon your enemies.
   It affects your intelligence (+2).
   It makes you more stealthy.
 I - a +4 quarterstaff of protection
Missiles
 a - 135 arrows (quivered)
 b - 6 curare-tipped needles
 m - 18 tomahawks
 r - 280 stones
 t - 78 bolts
 C - 61 sling bullets
Armour
 h - a +0 large shield
Jewellery
 d - a ring of resist corrosion (on tentacle)
 j - a ring of stealth (right front leg)
 o - a ring of ice (left front leg)
 p - a ring of see invisible (on tentacle)
 y - the amulet "Lezxacirobb" (around neck) {Acrobat rPois}
   (You took it off a kobold on level 4 of the Dungeon)

   [amulet of the acrobat]

   It helps you evade while moving and waiting.
   It protects you from poison.
 E - a ring of stealth (on tentacle)
 F - a ring of magical power (on tentacle)
 L - a +4 ring of protection (on tentacle)
Scrolls
 c - a scroll of identify
 e - a scroll of vulnerability {unknown}
 f - 3 scrolls of remove curse
 q - 2 scrolls of enchant weapon
 s - 2 scrolls of noise
 u - 3 scrolls of magic mapping
 z - a scroll of random uselessness {unknown}
 D - 3 scrolls of teleportation {unknown}
 H - a scroll of fear
 J - 2 scrolls of amnesia
 N - a scroll of fog {unknown}
Potions
 g - 2 potions of flight
 i - a potion of invisibility {unknown}
 k - a potion of lignification {unknown}
 l - 2 potions of brilliance
 n - a potion of haste
 w - 5 potions of curing
 x - 4 potions of agility
 B - a potion of ambrosia {unknown}
 K - a potion of heal wounds


   Skills:
 * Level 5.0 Fighting
 * Level 5.8 Dodging
 * Level 8.6 Stealth
 * Level 10.6 Unarmed Combat
 - Level 2.0 Spellcasting
 * Level 5.2 Transmutations
 - Level 3.0 Poison Magic
 * Level 3.4 Invocations


You had 3 spell levels left.
You knew the following spells:

 Your Spells              Type           Power        Failure   Level  Hunger
a - Beastly Appendage     Tmut           ###...       10%         1    #......
b - Spider Form           Tmut/Pois      ##........   28%         3    ###....
c - Sticks to Snakes      Tmut           ###.....     12%         2    ###....
d - Slow                  Hex            #.......     54%         2    ###....
e - Blink                 Tloc           N/A          54%         2    ###....

Your spell library contained the following spells:

 Spells                   Type           Power        Failure   Level  Hunger
 Magic Dart               Conj           #...         43%         1    #......
 Call Imp                 Summ           #.......     54%         2    ###....
 Mephitic Cloud           Conj/Pois/Air  #.......     63%         3    ###....
 Conjure Flame            Conj/Fire      #.......     75%         3    ###....
 Blade Hands              Tmut           ###.......   77%         5    ######.
 Ice Form                 Ice/Tmut       ##......     78%         4    #####..


Dungeon Overview and Level Annotations

Branches:
Dungeon (8/15)             Temple (1/1) D:4            Lair (1/6) D:8

Altars:
Ashenzari
Cheibriados
Dithmenos
Elyvilon
Gozag
Hepliaklqana
Makhleb
Nemelex Xobeh
Okawaru
Ru
Sif Muna
Uskayaw
Vehumet
Wu Jian
Xom
Yredelemnul
The Shining One

Shops:
D:8 }


Innate Abilities, Weirdness & Mutations

You cannot wear most types of armour.
You are very stealthy in the water. (Stealth+)
((You are amphibious.))
You can wear up to eight rings at the same time.
((You can use your tentacles to constrict eight enemies at once.))
((Your skin changes colour to match your surroundings (Stealth+).))
((Your rubbery body absorbs attacks. (AC +1, EV +1)))


Message History

You bite the six-headed hydra!
The six-headed hydra is poisoned.
The six-headed hydra is moderately wounded.
The six-headed hydra bites you.
The six-headed hydra completely misses you. x2
The six-headed hydra bites you but does no damage.
The six-headed hydra misses you. The six-headed hydra bites you.
You hit the six-headed hydra.
The six-headed hydra looks as sick as possible!
The six-headed hydra is moderately wounded.
You bite the six-headed hydra!
The six-headed hydra looks as sick as possible!
The six-headed hydra is heavily wounded.
The six-headed hydra bites you!
The six-headed hydra closely misses you.
The six-headed hydra bites you!
* * * LOW HITPOINT WARNING * * *
The six-headed hydra misses you. The six-headed hydra bites you.
* * * LOW HITPOINT WARNING * * *
The six-headed hydra bites you!
You die...

..#..#......
..#..#...... .. ..#.P
..#..'..P#.#
#.#+##.#... ..#..#..##
# #.........#
..#..#..# #..........
........# #..........
........# ##........#
........# ##........#
........####.#..sD...#
.....................#
##...................#
#...................#
#...................#
#........##########.#
#........# .#
##........#
#.............
#.........#
##.............


You could see a six-headed hydra.

Vanquished Creatures
  A two-headed ogre (D:8)
  Pikel (D:8)
  A deep elf mage (D:7)
  Joseph (D:7)
  A komodo dragon (Lair:1)
  A yak (D:8)
  2 water moccasins
  3 porcupines
  An ice beast (D:7)
  A sky beast (D:8)
  3 slaves (D:8)
  3 black bears (D:8)
  4 ogres
  2 centaurs
  4 bullfrogs
  A scorpion (D:6)
  2 howler monkeys
  4 wights (D:8)
  A jelly (D:8)
  3 bullfrog zombies (D:5)
  4 crimson imps
  4 orc priests
  A bullfrog skeleton (D:7)
  A hound (D:7)
  5 orc wizards
  3 iguanas
  Natasha (twice) (D:3)
  3 worker ants
  3 hound zombies
  4 worker ant zombies (D:5)
  11 adders
  2 shadow imps
  3 adder zombies
  3 adder skeletons (D:5)
  2 worms (D:3)
  2 dart slugs
  3 leopard geckos
  33 orcs
  A ball python (D:3)
  7 bats
  5 giant cockroaches
  7 goblins
  10 hobgoblins
  4 jackals (D:3)
  5 kobolds
  A quokka (D:6)
  5 frilled lizards
  A giant cockroach zombie (D:5)
  2 leopard gecko zombies (D:5)
  3 quokka skeletons (D:6)
  4 rats
  4 plants (D:8)
188 creatures vanquished.

Vanquished Creatures (others)
  A bullfrog (D:8)
  9 fungi (D:8)
  4 plants
14 creatures vanquished.

Grand Total: 202 creatures vanquished

Notes
Turn   | Place    | Note
-------+----------+-------------------------------------------
     0 | D:1      | whitewolfNL the Octopode Transmuter began the quest for the
                  | Orb.
     0 | D:1      | Reached XP level 1. HP: 13/13 MP: 3/3
   208 | D:1      | Reached XP level 2. HP: 17/18 MP: 5/5
   696 | D:1      | Reached skill level 1 in Stealth
   956 | D:2      | Reached XP level 3. HP: 23/23 MP: 6/6
  1621 | D:2      | Reached XP level 4. HP: 24/28 MP: 7/7
  1940 | D:3      | Noticed Natasha
  1955 | D:3      | Killed Natasha
  1955 | D:3      | Reached skill level 4 in Unarmed Combat
  2294 | D:3      | Reached XP level 5. HP: 29/33 MP: 6/8
  2723 | D:3      | Reached XP level 6. HP: 33/39 MP: 9/9
  2922 | D:3      | Noticed Natasha
  2934 | D:3      | Killed Natasha
  2938 | D:3      | Reached skill level 5 in Unarmed Combat
  3742 | D:4      | Found a staircase to the Ecumenical Temple.
  3748 | Temple   | Entered the Ecumenical Temple
  3815 | Temple   | Became a worshipper of Sif Muna the Loreminder
  3820 | Temple   | Learned a level 3 spell: Spider Form
  3823 | Temple   | Learned a level 2 spell: Sticks to Snakes
  4227 | D:4      | Found a white marble altar of Elyvilon.
  4402 | D:4      | Got a slimy bronze amulet
  4570 | D:4      | Reached skill level 5 in Stealth
  4570 | D:4      | Reached XP level 7. HP: 45/45 MP: 5/10
  4730 | D:5      | Entered Level 5 of the Dungeon
  4791 | D:5      | Reached skill level 6 in Unarmed Combat
  4964 | D:5      | Found a basalt altar of Yredelemnul.
  5083 | D:5      | Got a transparent hand axe
  5085 | D:5      | Found a shadowy altar of Dithmenos.
  5140 | D:5      | Reached skill level 1 in Poison Magic
  5376 | D:5      | Identified the amulet "Lezxacirobb" {Acrobat rPois} (You
                  | took it off a kobold on level 4 of the Dungeon)
  5377 | D:5      | Identified the +12 hand axe of Purpose {venom, Str+2} (You
                  | found it on level 5 of the Dungeon)
  5660 | D:5      | Found a sacrificial altar of Ru.
  5939 | D:5      | Reached XP level 8. HP: 51/51 MP: 8/11
  6556 | D:6      | Reached skill level 7 in Unarmed Combat
  8195 | D:7      | Got an iridescent whip
  8226 | D:7      | Noticed Joseph
  8233 | D:7      | Reached skill level 8 in Unarmed Combat
  8233 | D:7      | Reached XP level 9. HP: 58/58 MP: 12/12
  9154 | D:7      | Noticed a deep elf mage
  9200 | D:7      | Killed a deep elf mage
  9200 | D:7      | Reached * piety under Sif Muna
  9200 | D:7      | Reached skill level 1 in Invocations
  9592 | D:7      | Identified the +4 whip "Ridd" {slash, Int+2 Stlth+} (You
                  | found it on level 7 of the Dungeon)
  9599 | D:7      | Learned a level 2 spell: Slow
  9602 | D:7      | Learned a level 2 spell: Blink
 10038 | D:7      | Killed Joseph
 10296 | D:8      | Found an iron altar of Okawaru.
 10299 | D:8      | Found a hazy altar of Hepliaklqana.
 10301 | D:8      | Found a shimmering altar of Xom.
 10301 | D:8      | Found a radiant altar of Vehumet.
 10301 | D:8      | Found a snail-covered altar of Cheibriados.
 10302 | D:8      | Found an opulent altar of Gozag.
 10302 | D:8      | Found a glowing golden altar of the Shining One.
 10302 | D:8      | Found a sparkling altar of Nemelex Xobeh.
 10378 | D:8      | Found Wutuiser's Gadget Shop.
 10414 | D:8      | Found a staircase to the Lair.
 10417 | D:8      | Reached skill level 9 in Unarmed Combat
 10435 | D:8      | Reached skill level 5 in Dodging
 10790 | D:8      | Noticed Pikel
 10843 | D:8      | Killed Pikel
 10843 | D:8      | Reached XP level 10. HP: 25/65 MP: 13/13
 11412 | D:8      | Noticed a two-headed ogre
 11679 | D:8      | Killed a two-headed ogre
 11679 | D:8      | Reached skill level 10 in Unarmed Combat
 11679 | D:8      | Reached skill level 5 in Transmutations
 12615 | Lair:1   | Entered Level 1 of the Lair of Beasts
 12822 | Lair:1   | Reached skill level 5 in Fighting
 13235 | Lair:1   | Noticed a six-headed hydra
 13246 | Lair:1   | Mangled by a six-headed hydra

Skill      XL: |  1  2  3  4  5  6  7  8  9 10 |
---------------+-------------------------------+-----
Stealth        | 1 2 3 4 5 6 8 |  8.6
Unarmed Combat | 4 5 6 8 9 10 | 10.6
Dodging        | 3 4 5 |  5.8
Fighting       | 2 3 4 5 |  5.0
Poison Magic   | 1 2 3 |  3.0
Transmutations | 3 4 5 |  5.2
Invocations    | 2 3 |  3.4
Spellcasting   | |  2.0

Action                   |  1- 3 |  4- 6 |  7- 9 | 10-12 || total
-------------------------+-------+-------+-------+-------++-------
Melee: Unarmed           |    71 |   143 |   315 |   116 ||   645
       Constrict         |    21 |    39 |    25 |     9 ||    94
       Tentacles         |     5 |    25 |    26 |    13 ||    69
       Punch             |     1 |     4 |     4 |     7 ||    16
       Kick              |     5 |    31 |    24 |     1 ||    61
 Cast: Beastly Appendage |     5 |    21 |    20 |     2 ||    48
       Spider Form       |       |     1 |    31 |    12 ||    44
       Sticks to Snakes  |       |       |     2 |       ||     2
  Use: Scroll            |       |       |    13 |     1 ||    14
       Potion            |       |       |     6 |       ||     6
 Stab: Sleeping          |     8 |    10 |    13 |     3 ||    34
       Distracted        |       |       |     1 |       ||     1
  Eat: Chunk             |     2 |     4 |     6 |     1 ||    13
       Ration            |       |     2 |     6 |     2 ||    10
Armor: Skin              |     5 |     4 |     8 |     5 ||    22
Dodge: Dodged            |    46 |    68 |   242 |    89 ||   445
